 Dungeon Crawl Stone Soup version 0.30-a0-116-g3b1a8e4ee4 (webtiles) character file.

Game seed: 4359402200909798933

70 porpoise the Poker (level 4, -1/33 (35) HPs)
             Began as a Demonspawn Gladiator on Sept 13, 2022.
             Slain by Crazy Yiuf
             ... wielding a +4 quarterstaff of chaos
              (17 damage)
             ... on level 2 of the Dungeon.
             The game lasted 00:03:20 (2004 turns).

porpoise the Poker (Demonspawn Gladiator)           Turns: 2004, Time: 00:03:21

HP:   -1/33 (35)    AC:  7    Str: 16    XL:     4   Next: 4%
MP:   4/4           EV: 10    Int:  9    God:
Gold: 52            SH:  0    Dex: 15    Spells: 3/3 levels left

rFire   . . .      SeeInvis .    a - +0 trident
rCold   . . .      Faith    .    (no shield)
rNeg    . . .      Spirit   .    m - +0 scale mail
rPois   .          Reflect  .    c - +0 helmet
rElec   .          Harm     .    (no cloak)
rCorr   .          Rampage  .    (no gloves)
Will    .....                    (no boots)
Stlth   ..........               (no amulet)
HPRegen 0.11/turn                (no ring)
MPRegen 0.09/turn                (no ring)

@: drained
A: claws 1, powered by pain 2
a: no special abilities


You were on level 2 of the Dungeon.
You visited 1 branch of the dungeon, and saw 2 of its levels.

You collected 52 gold pieces.

Inventory:

Hand Weapons
 a - a +0 trident (weapon)
 b - a +0 sling
Missiles
 d - a throwing net (quivered)
 e - a javelin
Armour
 c - a +0 helmet (worn)
 m - a +0 scale mail (worn)
Jewellery
 l - a ring of fire
Scrolls
 g - 3 scrolls of identify {unknown}
 i - a scroll of enchant armour {unknown}
 j - a scroll of amnesia {unknown}
 k - a scroll of poison {unknown}
Potions
 f - a potion of flight {unknown}
 h - 3 potions of curing {unknown}
 n - a potion of lignification {unknown}


   Skills:
 + Level 3.3 Fighting
 + Level 3.7 Polearms
 - Level 1.7 Throwing
 - Level 2.6 Dodging
 + Level 0.0 Unarmed Combat


You had 3 spell levels left.
You didn't know any spells.
Your spell library was empty.

Dungeon Overview and Level Annotations

Branches:
Dungeon (2/15)

Altars:

Annotations:
D:2 Crazy Yiuf


Innate Abilities, Weirdness & Mutations

You have sharp fingernails.
You sometimes gain power by taking damage.


Message History

i - a scroll labelled CUKUPLY KOIR A worm comes into view.
You reach to attack!
You hit the worm.
The worm is moderately wounded.
You reach to attack!
You puncture the worm!
The worm is severely wounded.
You hit the worm.
The worm is almost dead.
The worm bites you.
You puncture the worm!
You kill the worm!
You have reached level 4!
You feel agile.
Your demonic ancestry asserts itself...
You feel even more energised by your suffering.
You start resting.
HP restored.
n - a fizzy black potion You see here a worm corpse.
You see here a +0 helmet.
You see here a ball python skeleton.
You see here a frilled lizard skeleton.
You see here a +0 dagger.
Crazy Yiuf shouts!
Crazy Yiuf says, "Crazy?
Crazy!?
PORCUPINE!"
You open the door. You hit Crazy Yiuf but do no damage.
Crazy Yiuf hits you with a +4 quarterstaff of chaos.
Crazy Yiuf freezes you.
You hit Crazy Yiuf but do no damage.
Crazy Yiuf hits you with a +4 quarterstaff of chaos!
You feel drained.
You barely miss Crazy Yiuf.
Crazy Yiuf whimpers, "Cards hand illywillydillykilly!"
Crazy Yiuf hits you with a +4 quarterstaff of chaos!
You feel drained.
You puncture Crazy Yiuf!
Crazy Yiuf is heavily wounded.
Crazy Yiuf hits you with a +4 quarterstaff of chaos!
Ouch! That really hurt!
You die...

.##........# ##..#####.## #.# #
.#.........# #....# ##..####.###
.#.........# #....# #...........
.#.........# ##...# ##..########
...........# ##.## #..........
.#.........# ##.# ##...####...
.##........# #.## #....# #...
...........# ##.# #.#..####...
..###......# #@## #.#........#
#.......##.# #g# #.......##.#
#.......##.# ... #..........#
#.......##.# #...# #..........#
###....###.# #)..# #....##....#
###......# ##### #...........
######.....# #...........
....##.....###########......###..
............................###..


You could see Crazy Yiuf.

Vanquished Creatures
  Terence (D:2)
  An adder (D:2)
  A worm (D:2)
  4 bats
  2 endoplasms
  2 giant cockroaches
  2 goblins
  2 hobgoblins
  4 jackals (D:2)
  2 quokkas (D:2)
  5 ball pythons
  3 frilled lizards
  A kobold (D:1)
  2 rats (D:2)
32 creatures vanquished.

Notes
Turn   | Place    | Note
-------+----------+-------------------------------------------
     0 | D:1      | porpoise the Demonspawn Gladiator began the quest for the
                  | Orb.
     0 | D:1      | Reached XP level 1. HP: 16/16 MP: 1/1
   210 | D:1      | Found a faded altar of an unknown god.
   388 | D:1      | Gained mutation: You sometimes gain a little power by
                  | taking damage. [demonic ancestry]
   388 | D:1      | Reached XP level 2. HP: 23/23 MP: 2/2
  1149 | D:2      | Found a runed translucent door.
  1150 | D:2      | Noticed Crazy Yiuf
  1187 | D:2      | Gained mutation: You have sharp fingernails. [demonic
                  | ancestry]
  1187 | D:2      | Reached XP level 3. HP: 26/28 MP: 3/3
  1431 | D:2      | Noticed Terence
  1448 | D:2      | Killed Terence
  1684 | D:2      | Gained mutation: You sometimes gain power by taking damage.
                  | [demonic ancestry]
  1684 | D:2      | Reached XP level 4. HP: 31/35 MP: 4/4
  2004 | D:2      | Slain by Crazy Yiuf

Illustrated notes

Levels and vault maps discovered:
D:1:      nicolae_arrival_memento_mori, layout_basic,
          ebering_ecumenical_altar_webs
D:2:      layout_basic, solitary_fountain, uniq_crazy_yiuf_cottage, uniq_terence

Skill      XL: |  1  2  3 |
---------------+----------+-----
Polearms       | 3 |  3.7
Fighting       | 3 |  3.3
Throwing       | |  1.7
Dodging        | |  2.6

Action                   |  1- 3 |  4- 6 || total
-------------------------+-------+-------++-------
Melee: Trident           |   102 |     4 ||   106
Throw: Throwing net      |     2 |       ||     2
 Stab: Sleeping          |     4 |       ||     4
       Held in net/web   |     2 |       ||     2
Armor: Leather armour    |    21 |       ||    21
       Scale mail        |     4 |       ||     4
Dodge: Dodged            |    36 |       ||    36

Table legend: (Time is in decaauts)
 A = Elapsed time spent in this place.
 B = Non-inter-level travel time spent in this place.
 C = Inter-level travel time spent in this place.
 D = Time resting spent in this place.
 E = Time spent auto-exploring this place.
 F = Levels seen in this place.
 G = Mean time per level.
                   A        B        C        D        E       F      G
               +--------+--------+--------+--------+--------+-----+--------+
         Total |   2017 |   1981 |     36 |    278 |   1448 |   2 | 1008.5 |
       Dungeon |   2017 |   1981 |     36 |    278 |   1448 |   2 | 1008.5 |
               +--------+--------+--------+--------+--------+-----+--------+

Top non-repeatable levels by time:
     D:2: 1032 daAuts
     D:1: 985 daAuts
